 Dungeon Crawl Stone Soup version 0.22.0 (webtiles) character file.

2331 Blackhawk the Skirmisher (level 9, -3/77 HPs)
             Began as a Centaur Gladiator on Nov 3, 2018.
             Was an Initiate of Okawaru.
             Shot with a sling bullet by Joseph (18 damage)
             ... on level 9 of the Dungeon.
             The game lasted 00:16:29 (9387 turns).

Blackhawk the Skirmisher (Centaur Gladiator)        Turns: 9387, Time: 00:16:29

Health: -3/77      AC: 10    Str: 20    XL:     9   Next: 19%
Magic:  9/9        EV:  7    Int:  7    God:    Okawaru [......]
Gold:   87         SH:  0    Dex: 11    Spells: 8/8 levels left

rFire    . . .     SeeInvis .   I - +1 shortbow (freeze)
rCold    . . .     Gourm    .   (shield currently unavailable)
rNeg     . . .     Faith    .   g - +0 chain mail (curse)
rPois    .         Spirit   .   i - +2 hat
rElec    .         Reflect  .   (no cloak)
rCorr    .         Harm     .   (no gloves)
MR       .....                  (no barding)
Stlth    ..........             x - amulet of rage
HPRegen  0.22/turn              t - ring of wizardry
MPRegen  0.11/turn              (no ring)

@: very quick
A: large, hooves 3, deformed body, speed 2, tough skin 3
a: Renounce Religion, Evoke Berserk Rage


You were on level 9 of the Dungeon.
You worshipped Okawaru.
Okawaru was noncommittal.
You were not hungry.

You visited 2 branches of the dungeon, and saw 10 of its levels.

You collected 393 gold pieces.
You spent 306 gold pieces at shops.

Inventory:

Hand Weapons
 a - a +0 shortbow
 b - a +2 whip of electrocution
 C - a cursed +3 spear
 I - a +1 shortbow of freezing (weapon)
Missiles
 c - 85 arrows (quivered)
 d - 4 throwing nets
Armour
 g - a cursed +0 chain mail (worn)
 i - a +2 hat (worn)
 m - a +0 buckler
 G - a +1 cloak
Jewellery
 t - a ring of wizardry (left hand)
 x - an amulet of rage (around neck)
 y - an uncursed ring of fire {unknown}
 H - a cursed -2 ring of intelligence {unknown}
Wands
 o - a wand of flame (38)
 D - a wand of paralysis (12)
 E - a wand of iceblast (9)
Scrolls
 e - 5 scrolls of enchant weapon {unknown}
 h - a scroll of immolation {unknown}
 j - a scroll of random uselessness {unknown}
 l - a scroll of teleportation {unknown}
 p - 3 scrolls of magic mapping {unknown}
 r - 10 scrolls of identify {unknown}
 s - a scroll of enchant armour {unknown}
 u - a scroll of blinking {unknown}
 v - a scroll of fear {unknown}
 w - 3 scrolls of remove curse {unknown}
 B - a scroll of brand weapon {unknown}
Potions
 k - 4 potions of heal wounds
 n - a potion of cancellation {unknown}
 q - 2 potions of flight {unknown}
 z - 2 potions of curing
 A - 2 potions of might
Comestibles
 f - 10 rations


   Skills:
 + Level 6.3 Fighting
   Level 4.2 Staves
 + Level 5.1 Bows
 - Level 5.3 Throwing
 + Level 3.7 Armour
 + Level 5.1 Dodging


You had 8 spell levels left.
You didn't know any spells.
Your spell library contained the following spells:

 Spells                   Type           Power        Failure   Level  Hunger
 Fireball                 Conj/Fire      #.........   100%        5    ######.
 Apportation              Tloc           #.....       86%         1    ##.....
 Conjure Flame            Conj/Fire      #.......     99%         3    ####...
 Confuse                  Hex            #.......     99%         3    ####...
 Throw Flame              Conj/Fire      #.....       94%         2    ###....
 Summon Small Mammal      Summ           #...         86%         1    ##.....
 Animate Skeleton         Necr           N/A          86%         1    ##.....
 Sticky Flame             Conj/Fire      #.......     100%        4    #####..
 Confusing Touch          Hex            #.....       86%         1    ##.....
 Flame Tongue             Conj/Fire      #....        86%         1    ##.....
 Metabolic Englaciation   Hex/Ice        #.........   100%        5    ######.
 Petrify                  Tmut/Erth      #.......     100%        4    #####..
 Inner Flame              Hex/Fire       #.......     99%         3    ####...
 Gell's Gravitas          Tloc           #.........   99%         3    ####...
 Yara's Violent Unravell  Hex/Tmut       #.........   100%        5    ######.


Dungeon Overview and Level Annotations

Branches:
Dungeon (9/15)             Temple (1/1) D:7
   Lair: D:8-11         Orc: D:9-12

Altars:
Cheibriados
Dithmenos
Okawaru
Ru
Vehumet
Xom
The Shining One

Shops:
D:4 !   D:5 [   D:6 (

Annotations:
D:5 1 runed door, catcat's ghost, amateur TrFi
D:9 Joseph


Innate Abilities, Weirdness & Mutations

You have hooves in place of feet.
Armour fits poorly on your strangely shaped body.
You cover ground very quickly.
You have extremely tough skin. (AC +3)


Message History

Joseph shoots a sling bullet.
The sling bullet closely misses you.
Firing (i - inventory. (/) - cycle)
c - 88 arrows (quivered)
Press: ? - help, Shift-Dir - straight line, f/p - Joseph
Aim: Joseph, wielding a hunting sling and wearing a leather armour (heavily wounded)
You shoot an arrow. The arrow closely misses Joseph.
Joseph shoots a sling bullet.
The sling bullet hits you.
* * * LOW HITPOINT WARNING * * *
Firing (i - inventory. (/) - cycle)
c - 87 arrows (quivered)
Press: ? - help, Shift-Dir - straight line, f/p - Joseph
Aim: Joseph, wielding a hunting sling and wearing a leather armour (heavily wounded)
You shoot an arrow. The arrow hits Joseph.
The arrow freezes Joseph.
Joseph is heavily wounded.
Joseph shoots a sling bullet.
The sling bullet hits you.
* * * LOW HITPOINT WARNING * * *
Firing (i - inventory. (/) - cycle)
c - 86 arrows (quivered)
Press: ? - help, Shift-Dir - straight line, f/p - Joseph
Aim: Joseph, wielding a hunting sling and wearing a leather armour (heavily wounded)
You shoot an arrow. The arrow barely misses Joseph.
Joseph shoots a sling bullet.
The sling bullet hits you!!
You die...

## .# .#
########.#
.......@.#
###..##.##
# #.. ..##
... ....
?.@# ...<+


You could see Joseph.

Vanquished Creatures
  Eustachio (D:5)
  Duvessa (D:4)
  A sky beast (D:4)
  An ice beast (D:6)
  2 ogres
  3 centaurs
  4 bullfrogs
  Dowan (D:5)
  8 wights
  A crimson imp (D:6)
  A quasit (D:5)
  4 hounds
  An orc priest (D:4)
  A bullfrog skeleton (D:7)
  3 orc wizards
  3 iguanas
  3 worker ants
  A killer bee zombie (D:7)
  3 hound skeletons
  6 gnolls
  10 adders
  2 shadow imps (D:8)
  An ooze (D:4)
  2 adder zombies
  4 worms
  8 leopard geckos
  15 orcs
  7 bats
  6 giant cockroaches
  9 hobgoblins
  8 jackals
  4 quokkas
  2 ball pythons
  4 frilled lizards
  11 goblins
  A jackal skeleton (D:4)
  8 kobolds
  A leopard gecko skeleton (D:4)
  A quokka skeleton (D:4)
  A quokka zombie (D:7)
  11 rats
165 creatures vanquished.

Vanquished Creatures (others)
  2 withered plants (D:5)
2 creatures vanquished.

Grand Total: 167 creatures vanquished

Notes
Turn   | Place    | Note
-------+----------+-------------------------------------------
     0 | D:1      | Blackhawk the Centaur Gladiator began the quest for the Orb.
     0 | D:1      | Reached XP level 1. HP: 17/17 MP: 1/1
   185 | D:1      | Reached XP level 2. HP: 24/24 MP: 2/2
   612 | D:1      | Reached XP level 3. HP: 26/30 MP: 3/3
  2051 | D:2      | Reached XP level 4. HP: 33/37 MP: 4/4
  2591 | D:3      | Reached skill level 3 in Fighting
  2799 | D:3      | Reached XP level 5. HP: 45/45 MP: 5/5
  3435 | D:4      | Noticed a sky beast
  3554 | D:4      | Found Gamihoamm's Distillery.
  3563 | D:4      | Bought a potion of heal wounds for 55 gold pieces
  3563 | D:4      | Bought a potion of curing for 33 gold pieces
  3563 | D:4      | Bought a potion of might for 44 gold pieces
  3880 | D:4      | Killed a sky beast
  3880 | D:4      | Reached XP level 6. HP: 9/52 MP: 6/6
  4635 | D:5      | Entered Level 5 of the Dungeon
  4838 | D:5      | Found Kunwysho's Armour Shop.
  4869 | D:5      | Reached skill level 4 in Fighting
  4869 | D:5      | Reached XP level 7. HP: 45/59 MP: 7/7
  5007 | D:5      | Found a runed door.
  5010 | D:5      | Reached skill level 1 in Armour
  5022 | D:5      | Noticed Dowan
  5023 | D:5      | Noticed catcat's ghost (amateur TrFi)
  5024 | D:5      | Noticed Duvessa
  5035 | D:5      | Noticed Eustachio
  5036 | D:5      | Killed Dowan
  5255 | D:4      | Killed Duvessa
  5648 | D:5      | Killed Eustachio
  5648 | D:5      | Reached skill level 5 in Throwing
  5931 | D:5      | You fall through a shaft!
  6250 | D:6      | Reached skill level 5 in Fighting
  6250 | D:6      | Reached skill level 1 in Bows
  6250 | D:6      | Reached XP level 8. HP: 68/68 MP: 8/8
  6630 | D:6      | Found Pibiag's Antique Weapon Shoppe.
  7579 | D:7      | Found a shadowy altar of Dithmenos.
  7624 | D:7      | Found a shadowy altar of Dithmenos.
  7796 | D:7      | Reached skill level 6 in Fighting
  8143 | D:7      | Found a staircase to the Ecumenical Temple.
  8215 | D:7      | Found a glowing golden altar of the Shining One.
  8344 | Temple   | Entered the Ecumenical Temple
  8353 | Temple   | Became a worshipper of Warmaster Okawaru
  8415 | D:8      | Reached XP level 9. HP: 62/75 MP: 9/9
  8424 | D:8      | Reached skill level 5 in Dodging
  8870 | D:8      | Found a sacrificial altar of Ru.
  8943 | D:8      | Reached skill level 5 in Bows
  9284 | D:6      | Bought a glowing shortbow for 174 gold pieces
  9374 | D:9      | Noticed Joseph
  9387 | D:9      | Shot with a sling bullet by Joseph

Skill      XL: |  1  2  3  4  5  6  7  8  9 |
---------------+----------------------------+-----
Staves         | 3 4 |  4.2
Throwing       | 3 4 5 |  5.3
Fighting       | 3 4 5 6 |  6.3
Dodging        | 3 4 5 |  5.1
Armour         | 2 3 |  3.7
Bows           | 1 4 5 |  5.1

Action                   |  1- 3 |  4- 6 |  7- 9 || total
-------------------------+-------+-------+-------++-------
Melee: Quarterstaff      |    57 |       |       ||    57
       Kick              |    27 |    32 |    62 ||   121
       Whip              |    82 |   139 |   276 ||   497
 Fire: Shortbow          |       |       |    13 ||    13
 Stab: Invisible         |       |       |     1 ||     1
       Paralysed         |       |       |     1 ||     1
  Eat: Chunk             |     3 |     7 |     9 ||    19
       Ration            |       |       |     1 ||     1
Armor: Leather armour    |    47 |    22 |       ||    69
       Chain mail        |       |    31 |   164 ||   195
Dodge: Dodged            |    71 |    43 |    96 ||   210
